[ AOE2 MATCH · #464564384 ]
Team RMPersians vs Malians
[ REPLAY ANALYSIS · EXTRACTED FROM THE RECORDED GAME ]
Feudal
15:44
Castle
25:38
Imperial
—
| APM avg | 17.1 |
| APM peak | 35 |
| eAPM avg | 11.2 |
| Villagers / military | 96 / 33 |
Focus
⚔️ 19.2% · 🌾 80.8%
Trade Cog ×12 · Fishing Ship ×9 · Militia ×8 · Archer ×7 · Knight ×5 · Battering Ram ×4
Feudal
—
Castle
—
Imperial
—
| APM avg | 17.3 |
| APM peak | 56 |
| eAPM avg | 8.8 |
| Villagers / military | 54 / 20 |
Focus
⚔️ 19.7% · 🌾 80.3%
Militia ×16 · Monk ×2 · Scorpion ×2
Feudal
21:22
Castle
28:25
Imperial
—
| APM avg | 11.1 |
| APM peak | 24 |
| eAPM avg | 8.2 |
| Villagers / military | 59 / 67 |
Focus
⚔️ 33.5% · 🌾 66.5%
Skirmisher ×24 · Knight ×16 · Militia ×8 · Teutonic Knight ×8 · Archer ×6 · Spearman ×4
Feudal
16:54
Castle
32:29
Imperial
—
| APM avg | 31.4 |
| APM peak | 59 |
| eAPM avg | 12.0 |
| Villagers / military | 44 / 36 |
Focus
⚔️ 16.9% · 🌾 83.1%
Archer ×16 · Cavalry Archer ×8 · Fire Lancer ×7 · Spearman ×3 · Fishing Ship ×3 · Skirmisher ×2
Feudal
22:17
Castle
34:11
Imperial
—
| APM avg | 11.6 |
| APM peak | 33 |
| eAPM avg | 7.4 |
| Villagers / military | 52 / 41 |
Focus
⚔️ 25.1% · 🌾 74.9%
Spearman ×21 · Fishing Ship ×10 · Scout Cavalry ×10 · Cataphract ×9 · Unknown (2626) ×2 · Demolition Raft ×1
Feudal
15:58
Castle
25:53
Imperial
—
| APM avg | 12.7 |
| APM peak | 44 |
| eAPM avg | 9.0 |
| Villagers / military | 64 / 51 |
Focus
⚔️ 26.4% · 🌾 73.6%
Scout Cavalry ×21 · Archer ×17 · Fishing Ship ×15 · Militia ×9 · Gbeto ×2 · Spearman ×2
Match map
Initial resources + every placement click. Lines = walls · curves = elevation contours. ◆ gold · ⬟ stone · ● berries · ✦ relic · ◌ wall gap
Inputs per minute
— Robert Grigoryan - - KorelBorel
Build order — Robert Grigoryan
First 150 of 234 actions detected
| 1:30 | Build | Town Center |
| 3:15 | Create | Villager (Male) |
| 3:16 | Create | Villager (Male) |
| 3:16 | Create | Villager (Male) |
| 3:16 | Create | Villager (Male) |
| 3:21 | Build | House |
| 3:48 | Build | House |
| 4:02 | Create | Villager (Male) |
| 4:10 | Research | Loom |
| 4:50 | Create | Villager (Male) |
| 5:02 | Build | Lumber Camp |
| 5:13 | Create | Villager (Male) |
| 5:40 | Create | Villager (Male) |
| 6:19 | Create | Villager (Male) |
| 6:28 | Create | Villager (Male) |
| 6:48 | Create | Villager (Male) |
| 6:55 | Build | House |
| 7:11 | Create | Villager (Male) |
| 7:31 | Create | Villager (Male) |
| 7:32 | Create | Villager (Male) |
| 8:51 | Build | House |
| 9:12 | Build | Mill |
| 9:22 | Create | Villager (Male) |
| 9:23 | Create | Villager (Male) |
| 9:23 | Create | Villager (Male) |
| 9:24 | Create | Villager (Male) |
| 9:24 | Create | Villager (Male) |
| 9:41 | Create | Villager (Male) |
| 10:17 | Build | Dock |
| 10:55 | Create | Fishing Ship |
| 11:12 | Build | House |
| 11:19 | Create | Fishing Ship |
| 11:26 | Create | Villager (Male) |
| 11:27 | Create | Villager (Male) |
| 11:27 | Create | Villager (Male) |
| 11:42 | Create | Fishing Ship |
| 12:03 | Create | Fishing Ship |
| 12:28 | Create | Fishing Ship |
| 12:39 | Create | Villager (Male) |
| 12:53 | Create | Fishing Ship |
| 12:58 | Build | House |
| 13:38 | Create | Villager (Male) |
| 13:40 | Research | Feudal Age |
| 13:46 | Create | Fishing Ship |
| 14:29 | Build | House |
| 14:32 | Build | House |
| 15:06 | Create | Fishing Ship |
| 15:44 | Age | Feudal Age |
| 15:47 | Research | Horse Collar |
| 16:00 | Build | Barracks |
| 16:12 | Build | Watch Tower |
| 16:23 | Research | Double-Bit Axe |
| 16:40 | Build | Farm |
| 16:43 | Build | Farm |
| 16:49 | Build | Farm |
| 16:55 | Build | Farm |
| 17:00 | Build | Farm |
| 17:16 | Build | Farm |
| 17:27 | Create | Villager (Male) |
| 17:27 | Create | Villager (Male) |
| 17:27 | Create | Villager (Male) |
| 17:28 | Create | Villager (Male) |
| 17:28 | Create | Villager (Male) |
| 17:28 | Create | Villager (Male) |
| 17:29 | Create | Villager (Male) |
| 17:47 | Build | Mining Camp |
| 17:57 | Build | Farm |
| 18:01 | Create | Militia |
| 18:01 | Create | Militia |
| 18:12 | Create | Villager (Male) |
| 18:13 | Create | Villager (Male) |
| 18:25 | Build | Blacksmith |
| 19:07 | Build | Archery Range |
| 19:10 | Build | Farm |
| 19:37 | Build | Farm |
| 19:54 | Build | House |
| 19:55 | Build | House |
| 19:57 | Build | House |
| 20:02 | Create | Archer |
| 20:03 | Create | Archer |
| 20:03 | Create | Archer |
| 20:08 | Research | Gold Mining |
| 20:13 | Create | Villager (Male) |
| 20:14 | Create | Villager (Male) |
| 20:20 | Build | Mining Camp |
| 20:58 | Create | Skirmisher |
| 21:07 | Create | Villager (Male) |
| 21:07 | Create | Villager (Male) |
| 21:13 | Research | Forging |
| 21:14 | Research | Scale Mail Armor |
| 21:33 | Build | Dock |
| 21:38 | Create | Demolition Raft |
| 21:53 | Build | Market |
| 22:09 | Research | Man-at-Arms (upgrade) |
| 22:13 | Create | Villager (Male) |
| 22:13 | Create | Villager (Male) |
| 22:13 | Create | Villager (Male) |
| 22:20 | Create | Skirmisher |
| 22:23 | Create | Villager (Male) |
| 22:42 | Build | Watch Tower |
| 23:12 | Research | Castle Age |
| 23:12 | Research | Castle Age |
| 23:29 | Build | Stone Wall |
| 23:35 | Build | Outpost |
| 23:44 | Build | Dock |
| 23:54 | Create | Trade Cog |
| 23:55 | Create | Trade Cog |
| 23:55 | Create | Trade Cog |
| 24:05 | Create | Demolition Raft |
| 24:08 | Create | Fishing Ship |
| 24:21 | Create | Fire Galley |
| 25:04 | Create | Militia |
| 25:05 | Create | Militia |
| 25:05 | Create | Militia |
| 25:10 | Build | House |
| 25:11 | Build | House |
| 25:29 | Create | Militia |
| 25:30 | Create | Militia |
| 25:34 | Create | Archer |
| 25:34 | Create | Archer |
| 25:34 | Create | Archer |
| 25:36 | Build | House |
| 25:37 | Build | House |
| 25:38 | Age | Castle Age |
| 25:39 | Build | House |
| 25:43 | Create | Villager (Male) |
| 25:43 | Create | Villager (Male) |
| 25:43 | Create | Villager (Male) |
| 25:44 | Create | Villager (Male) |
| 25:44 | Create | Villager (Male) |
| 25:44 | Create | Villager (Male) |
| 25:50 | Build | Town Center |
| 26:34 | Create | Villager (Male) |
| 26:35 | Create | Villager (Male) |
| 26:35 | Create | Villager (Male) |
| 26:46 | Build | Monastery |
| 27:03 | Research | Iron Casting |
| 27:03 | Research | Chain Mail Armor |
| 27:04 | Research | Fletching |
| 27:06 | Create | Archer |
| 27:11 | Create | Militia |
| 27:32 | Create | Spearman |
| 28:01 | Create | Villager (Male) |
| 28:01 | Create | Villager (Male) |
| 28:01 | Create | Villager (Male) |
| 28:01 | Create | Villager (Male) |
| 28:02 | Create | Villager (Male) |
| 29:36 | Build | Watch Tower |
| 29:43 | Create | Villager (Male) |
| 29:43 | Create | Villager (Male) |
Build order — KorelBorel
141 actions detected in the replay
| 2:07 | Build | Town Center |
| 4:39 | Create | Villager (Male) |
| 4:39 | Create | Villager (Male) |
| 4:40 | Create | Villager (Male) |
| 4:40 | Create | Villager (Male) |
| 4:40 | Create | Villager (Male) |
| 4:59 | Build | House |
| 6:26 | Build | House |
| 6:54 | Create | Villager (Male) |
| 7:46 | Build | House |
| 7:54 | Create | Villager (Male) |
| 8:11 | Build | House |
| 8:19 | Build | Palisade Wall |
| 9:03 | Create | Villager (Male) |
| 9:03 | Create | Villager (Male) |
| 9:24 | Create | Villager (Male) |
| 9:24 | Create | Villager (Male) |
| 10:38 | Create | Villager (Male) |
| 10:39 | Create | Villager (Male) |
| 10:39 | Create | Villager (Male) |
| 11:03 | Build | Palisade Wall |
| 11:06 | Build | Palisade Wall |
| 11:07 | Build | Palisade Wall |
| 11:13 | Build | Palisade Wall |
| 11:24 | Build | Palisade Wall |
| 11:31 | Build | Palisade Wall |
| 11:33 | Build | Palisade Wall |
| 11:35 | Build | Palisade Wall |
| 11:46 | Build | Palisade Gate |
| 11:50 | Build | Building 796 |
| 11:52 | Create | Villager (Male) |
| 11:53 | Create | Villager (Male) |
| 11:53 | Create | Villager (Male) |
| 11:57 | Create | Villager (Male) |
| 12:07 | Build | Mill |
| 12:18 | Create | Villager (Male) |
| 12:19 | Create | Villager (Male) |
| 12:33 | Create | Villager (Male) |
| 12:33 | Create | Villager (Male) |
| 13:12 | Create | Villager (Male) |
| 13:12 | Create | Villager (Male) |
| 13:55 | Create | Villager (Male) |
| 13:56 | Create | Villager (Male) |
| 13:56 | Create | Villager (Male) |
| 15:47 | Build | Lumber Camp |
| 15:58 | Create | Villager (Male) |
| 15:58 | Create | Villager (Male) |
| 15:58 | Create | Villager (Male) |
| 15:59 | Create | Villager (Male) |
| 15:59 | Create | Villager (Male) |
| 15:59 | Create | Villager (Male) |
| 15:59 | Create | Villager (Male) |
| 16:00 | Create | Villager (Male) |
| 16:00 | Create | Villager (Male) |
| 16:00 | Create | Villager (Male) |
| 16:23 | Build | Mill |
| 16:59 | Build | House |
| 17:05 | Build | House |
| 17:12 | Build | House |
| 17:16 | Build | House |
| 18:52 | Build | House |
| 18:59 | Build | Mining Camp |
| 19:23 | Research | Feudal Age |
| 19:45 | Build | Farm |
| 19:47 | Build | Farm |
| 19:58 | Build | Farm |
| 20:30 | Build | Farm |
| 20:37 | Build | Farm |
| 20:56 | Create | Villager (Male) |
| 20:57 | Create | Villager (Male) |
| 21:06 | Build | Farm |
| 21:18 | Build | Farm |
| 21:42 | Build | Building 804 |
| 22:12 | Create | Villager (Male) |
| 22:12 | Create | Villager (Male) |
| 22:13 | Create | Villager (Male) |
| 22:38 | Build | Blacksmith |
| 23:21 | Build | Farm |
| 24:02 | Create | Villager (Male) |
| 24:36 | Create | Villager (Male) |
| 24:47 | Build | House |
| 24:48 | Build | House |
| 24:51 | Build | House |
| 24:54 | Build | House |
| 24:55 | Build | House |
| 25:11 | Create | Villager (Male) |
| 25:58 | Build | Market |
| 27:14 | Build | House |
| 27:16 | Build | House |
| 27:39 | Create | Villager (Male) |
| 28:26 | Research | Castle Age |
| 28:35 | Build | House |
| 28:37 | Build | House |
| 28:40 | Build | House |
| 28:42 | Build | House |
| 29:04 | Build | Barracks |
| 29:09 | Build | House |
| 29:32 | Create | Villager (Male) |
| 29:33 | Create | Villager (Male) |
| 29:44 | Build | House |
| 30:09 | Build | House |
| 30:11 | Build | Farm |
| 30:48 | Build | Watch Tower |
| 31:34 | Build | Siege Workshop |
| 31:56 | Build | Archery Range |
| 31:58 | Build | Archery Range |
| 32:14 | Build | Archery Range |
| 32:15 | Build | Archery Range |
| 32:25 | Create | Villager (Male) |
| 32:25 | Create | Villager (Male) |
| 32:35 | Build | Monastery |
| 33:41 | Create | Villager (Male) |
| 33:41 | Create | Villager (Male) |
| 33:51 | Build | House |
| 33:56 | Build | House |
| 33:58 | Build | House |
| 34:00 | Build | House |
| 34:05 | Build | House |
| 35:00 | Create | Scorpion |
| 35:00 | Create | Scorpion |
| 36:06 | Build | Town Center |
| 36:29 | Create | Monk |
| 36:30 | Create | Monk |
| 36:48 | Create | Militia |
| 36:49 | Create | Militia |
| 36:49 | Create | Militia |
| 36:49 | Create | Militia |
| 36:49 | Create | Militia |
| 36:50 | Create | Militia |
| 36:50 | Create | Militia |
| 36:50 | Create | Militia |
| 36:52 | Create | Militia |
| 36:53 | Create | Militia |
| 36:53 | Create | Militia |
| 36:53 | Create | Militia |
| 36:53 | Create | Militia |
| 36:54 | Create | Militia |
| 36:54 | Create | Militia |
| 36:54 | Create | Militia |
| 38:15 | Create | Villager (Male) |
| 39:10 | Create | Villager (Male) |
Build order — Reno
First 150 of 216 actions detected
| 1:06 | Build | Town Center |
| 2:03 | Build | House |
| 2:53 | Build | House |
| 3:14 | Create | Villager (Male) |
| 3:15 | Create | Villager (Male) |
| 3:15 | Create | Villager (Male) |
| 3:15 | Create | Villager (Male) |
| 3:22 | Build | House |
| 4:04 | Research | Loom |
| 4:40 | Build | Lumber Camp |
| 4:50 | Create | Villager (Male) |
| 5:29 | Create | Villager (Male) |
| 5:43 | Create | Villager (Male) |
| 6:08 | Create | Villager (Male) |
| 6:44 | Create | Villager (Male) |
| 7:19 | Create | Villager (Male) |
| 7:59 | Build | Mill |
| 8:22 | Create | Villager (Male) |
| 9:11 | Create | Villager (Male) |
| 9:11 | Create | Villager (Male) |
| 9:45 | Create | Villager (Male) |
| 9:51 | Build | Farm |
| 9:56 | Build | Farm |
| 10:01 | Build | Farm |
| 10:06 | Build | Farm |
| 10:08 | Create | Villager (Male) |
| 10:13 | Build | Farm |
| 10:17 | Build | Farm |
| 10:22 | Build | Farm |
| 10:36 | Create | Villager (Male) |
| 10:58 | Build | House |
| 11:07 | Create | Villager (Male) |
| 11:23 | Build | Farm |
| 11:27 | Create | Villager (Male) |
| 11:36 | Build | House |
| 11:42 | Build | House |
| 11:48 | Build | Farm |
| 11:53 | Create | Villager (Male) |
| 12:21 | Create | Villager (Male) |
| 12:36 | Build | Farm |
| 12:42 | Build | House |
| 12:45 | Build | House |
| 12:49 | Create | Villager (Male) |
| 13:02 | Build | Farm |
| 13:07 | Create | Villager (Male) |
| 13:26 | Build | Farm |
| 13:34 | Create | Villager (Male) |
| 13:43 | Build | House |
| 13:46 | Build | House |
| 13:55 | Create | Villager (Male) |
| 14:19 | Build | Mining Camp |
| 14:27 | Create | Villager (Male) |
| 14:41 | Build | Barracks |
| 14:55 | Build | Lumber Camp |
| 15:02 | Create | Villager (Male) |
| 15:19 | Create | Villager (Male) |
| 15:32 | Build | Mining Camp |
| 15:36 | Create | Villager (Male) |
| 16:05 | Create | Villager (Male) |
| 16:25 | Create | Villager (Male) |
| 16:47 | Create | Villager (Male) |
| 17:12 | Create | Villager (Male) |
| 17:19 | Create | Militia |
| 17:39 | Create | Villager (Male) |
| 18:03 | Build | Farm |
| 18:12 | Create | Villager (Male) |
| 18:14 | Create | Villager (Male) |
| 18:15 | Research | Feudal Age |
| 18:30 | Create | Militia |
| 18:50 | Build | Farm |
| 19:00 | Build | Farm |
| 19:18 | Build | Barracks |
| 19:20 | Create | Militia |
| 19:21 | Create | Militia |
| 19:44 | Create | Villager (Male) |
| 20:31 | Build | House |
| 20:34 | Build | House |
| 20:39 | Create | Militia |
| 20:42 | Create | Militia |
| 20:47 | Create | Villager (Male) |
| 21:22 | Age | Feudal Age |
| 21:24 | Research | Double-Bit Axe |
| 21:27 | Research | Horse Collar |
| 21:32 | Research | Man-at-Arms (upgrade) |
| 21:39 | Create | Villager (Male) |
| 21:47 | Build | Watch Tower |
| 21:56 | Create | Villager (Male) |
| 22:06 | Build | Archery Range |
| 22:14 | Create | Spearman |
| 22:14 | Create | Spearman |
| 22:22 | Build | Farm |
| 22:25 | Create | Villager (Male) |
| 22:42 | Build | Farm |
| 22:46 | Create | Villager (Male) |
| 23:11 | Build | Mill |
| 23:17 | Build | Archery Range |
| 23:21 | Create | Skirmisher |
| 23:21 | Create | Archer |
| 23:47 | Create | Villager (Male) |
| 23:48 | Create | Villager (Male) |
| 24:16 | Build | Mining Camp |
| 24:24 | Build | Stable |
| 24:28 | Create | Skirmisher |
| 24:29 | Create | Archer |
| 24:35 | Build | Farm |
| 24:40 | Build | Farm |
| 24:45 | Build | Farm |
| 24:55 | Create | Villager (Male) |
| 25:17 | Create | Villager (Male) |
| 25:31 | Build | Blacksmith |
| 25:39 | Build | Stable |
| 25:44 | Research | Castle Age |
| 25:54 | Build | Farm |
| 26:01 | Research | Gold Mining |
| 26:02 | Research | Stone Mining |
| 26:07 | Create | Skirmisher |
| 26:07 | Create | Archer |
| 26:10 | Create | Skirmisher |
| 26:10 | Create | Archer |
| 26:32 | Create | Spearman |
| 26:32 | Create | Militia |
| 26:35 | Create | Spearman |
| 26:36 | Create | Militia |
| 26:39 | Research | Forging |
| 26:39 | Research | Fletching |
| 26:47 | Build | House |
| 26:51 | Build | House |
| 27:12 | Create | Villager (Male) |
| 27:18 | Build | House |
| 27:25 | Build | House |
| 27:29 | Build | House |
| 27:35 | Build | House |
| 27:39 | Build | House |
| 27:52 | Create | Skirmisher |
| 27:53 | Create | Archer |
| 27:56 | Create | Skirmisher |
| 27:57 | Create | Archer |
| 28:08 | Research | Padded Archer Armor |
| 28:10 | Research | Scale Mail Armor |
| 28:25 | Create | Villager (Male) |
| 28:25 | Age | Castle Age |
| 28:49 | Research | Bloodlines |
| 28:52 | Create | Knight |
| 28:52 | Create | Knight |
| 29:03 | Build | Castle |
| 29:11 | Create | Villager (Male) |
| 29:12 | Create | Villager (Male) |
| 29:28 | Research | Squires |
| 29:29 | Research | Gambesons |
| 29:33 | Create | Villager (Male) |
Build order — war
148 actions detected in the replay
| 1:58 | Build | Town Center |
| 4:29 | Create | Villager (Male) |
| 4:29 | Create | Villager (Male) |
| 4:30 | Create | Villager (Male) |
| 4:30 | Create | Villager (Male) |
| 5:05 | Research | Loom |
| 5:50 | Build | Building 796 |
| 6:02 | Build | House |
| 6:04 | Build | House |
| 6:39 | Build | Palisade Wall |
| 7:02 | Create | Villager (Male) |
| 7:32 | Build | Palisade Wall |
| 8:02 | Create | Villager (Male) |
| 8:48 | Create | Villager (Male) |
| 8:48 | Create | Villager (Male) |
| 10:23 | Create | Villager (Male) |
| 10:24 | Create | Villager (Male) |
| 10:42 | Build | Dock |
| 11:35 | Create | Villager (Male) |
| 11:35 | Create | Villager (Male) |
| 11:36 | Create | Villager (Male) |
| 11:55 | Build | Palisade Gate |
| 12:37 | Build | House |
| 13:49 | Build | Mill |
| 14:16 | Create | Villager (Male) |
| 14:44 | Research | Feudal Age |
| 14:45 | Create | Villager (Male) |
| 14:58 | Build | House |
| 15:01 | Build | House |
| 15:03 | Build | House |
| 15:06 | Build | House |
| 16:50 | Build | Lumber Camp |
| 16:54 | Age | Feudal Age |
| 16:57 | Create | Villager (Male) |
| 16:58 | Create | Villager (Male) |
| 17:08 | Build | Watch Tower |
| 17:39 | Research | Double-Bit Axe |
| 18:01 | Create | Villager (Male) |
| 18:18 | Build | Mining Camp |
| 18:21 | Create | Villager (Male) |
| 18:53 | Build | Barracks |
| 18:59 | Create | Villager (Male) |
| 19:20 | Create | Fishing Ship |
| 19:46 | Create | Villager (Male) |
| 19:59 | Build | Archery Range |
| 20:31 | Build | Market |
| 20:34 | Create | Villager (Male) |
| 20:35 | Create | Villager (Male) |
| 20:46 | Create | Fishing Ship |
| 20:59 | Build | House |
| 21:01 | Build | House |
| 21:02 | Build | House |
| 21:44 | Build | Archery Range |
| 21:59 | Create | Villager (Male) |
| 22:02 | Create | Villager (Male) |
| 22:16 | Build | Blacksmith |
| 22:32 | Create | Villager (Male) |
| 22:34 | Create | Villager (Male) |
| 23:03 | Create | Villager (Male) |
| 23:10 | Build | Farm |
| 23:10 | Build | Farm |
| 23:10 | Build | Farm |
| 23:16 | Research | Horse Collar |
| 23:35 | Build | Barracks |
| 23:54 | Create | Villager (Male) |
| 24:00 | Create | Archer |
| 24:01 | Create | Archer |
| 24:04 | Create | Archer |
| 24:39 | Create | Fishing Ship |
| 24:59 | Build | Farm |
| 25:15 | Build | Mill |
| 25:41 | Create | Villager (Male) |
| 25:42 | Create | Villager (Male) |
| 25:55 | Build | Fish Trap |
| 26:49 | Create | Archer |
| 26:50 | Create | Archer |
| 26:50 | Create | Archer |
| 26:50 | Create | Archer |
| 27:10 | Build | Farm |
| 27:48 | Create | Villager (Male) |
| 27:49 | Create | Villager (Male) |
| 27:57 | Build | Farm |
| 27:57 | Build | Farm |
| 27:58 | Build | Farm |
| 27:58 | Build | Farm |
| 27:58 | Build | Farm |
| 28:00 | Build | Farm |
| 28:25 | Build | House |
| 28:27 | Build | House |
| 28:30 | Build | House |
| 28:32 | Build | House |
| 28:34 | Build | House |
| 29:49 | Research | Castle Age |
| 29:57 | Build | Farm |
| 30:18 | Research | Fletching |
| 30:31 | Create | Archer |
| 30:31 | Create | Archer |
| 30:32 | Create | Skirmisher |
| 30:32 | Create | Skirmisher |
| 31:36 | Create | Archer |
| 31:37 | Create | Archer |
| 31:38 | Create | Archer |
| 32:12 | Build | Fish Trap |
| 32:29 | Age | Castle Age |
| 32:38 | Build | Town Center |
| 32:40 | Create | Villager (Male) |
| 32:41 | Create | Villager (Male) |
| 32:44 | Research | Thumb Ring |
| 32:45 | Research | Crossbowman (upgrade) |
| 33:03 | Create | Archer |
| 33:03 | Create | Archer |
| 33:04 | Create | Cavalry Archer |
| 33:04 | Create | Cavalry Archer |
| 33:04 | Create | Cavalry Archer |
| 33:04 | Create | Cavalry Archer |
| 33:05 | Create | Archer |
| 33:05 | Create | Archer |
| 33:06 | Create | Cavalry Archer |
| 33:06 | Create | Cavalry Archer |
| 33:24 | Research | Bow Saw |
| 34:58 | Research | Bodkin Arrow |
| 35:15 | Create | Villager (Male) |
| 35:16 | Create | Villager (Male) |
| 35:21 | Build | Farm |
| 35:39 | Create | Fire Lancer |
| 35:40 | Create | Fire Lancer |
| 35:41 | Research | Squires |
| 35:41 | Research | Pikeman (upgrade) |
| 36:03 | Create | Fire Lancer |
| 36:03 | Create | Fire Lancer |
| 36:04 | Research | Arson |
| 36:43 | Create | Villager (Male) |
| 36:43 | Create | Villager (Male) |
| 36:50 | Create | Spearman |
| 36:51 | Create | Fire Lancer |
| 36:51 | Create | Fire Lancer |
| 36:51 | Create | Fire Lancer |
| 36:52 | Create | Spearman |
| 36:52 | Create | Spearman |
| 37:06 | Create | Cavalry Archer |
| 37:06 | Create | Cavalry Archer |
| 38:09 | Create | Villager (Male) |
| 38:09 | Create | Villager (Male) |
| 38:14 | Build | Farm |
| 38:18 | Build | Farm |
| 38:31 | Create | Villager (Male) |
| 38:42 | Create | Villager (Male) |
| 38:42 | Create | Villager (Male) |
Build order — berthold.boeser
First 150 of 164 actions detected
| 0:26 | Build | Town Center |
| 3:31 | Create | Villager (Male) |
| 3:32 | Create | Villager (Male) |
| 3:32 | Create | Villager (Male) |
| 3:33 | Create | Villager (Male) |
| 5:30 | Build | Dock |
| 5:50 | Build | House |
| 7:13 | Create | Villager (Male) |
| 8:10 | Create | Villager (Male) |
| 8:48 | Create | Villager (Male) |
| 9:09 | Create | Fishing Ship |
| 9:40 | Create | Villager (Male) |
| 9:59 | Build | House |
| 11:19 | Create | Villager (Male) |
| 11:19 | Create | Villager (Male) |
| 11:20 | Create | Villager (Male) |
| 11:20 | Create | Villager (Male) |
| 11:20 | Create | Villager (Male) |
| 12:00 | Build | Lumber Camp |
| 12:36 | Create | Fishing Ship |
| 13:08 | Build | House |
| 13:10 | Build | House |
| 13:35 | Create | Fishing Ship |
| 13:54 | Create | Villager (Male) |
| 14:24 | Create | Fishing Ship |
| 14:24 | Create | Fishing Ship |
| 14:24 | Create | Fishing Ship |
| 15:09 | Create | Villager (Male) |
| 15:34 | Build | Mill |
| 15:50 | Create | Fishing Ship |
| 15:51 | Create | Fishing Ship |
| 15:58 | Create | Fishing Ship |
| 16:31 | Build | Barracks |
| 16:54 | Create | Villager (Male) |
| 16:54 | Create | Villager (Male) |
| 17:17 | Build | Farm |
| 17:20 | Build | Farm |
| 17:24 | Build | Farm |
| 17:37 | Build | House |
| 17:47 | Build | House |
| 18:03 | Create | Fishing Ship |
| 18:49 | Build | Barracks |
| 19:17 | Build | Farm |
| 19:42 | Research | Loom |
| 19:50 | Research | Feudal Age |
| 20:10 | Build | Palisade Wall |
| 20:50 | Build | House |
| 21:20 | Create | Villager (Male) |
| 21:42 | Build | Palisade Wall |
| 22:17 | Age | Feudal Age |
| 22:25 | Build | Mining Camp |
| 22:30 | Research | Double-Bit Axe |
| 22:32 | Create | Villager (Male) |
| 22:33 | Create | Villager (Male) |
| 22:33 | Create | Villager (Male) |
| 22:33 | Create | Villager (Male) |
| 22:33 | Create | Villager (Male) |
| 22:34 | Create | Villager (Male) |
| 22:34 | Create | Villager (Male) |
| 22:34 | Create | Villager (Male) |
| 22:34 | Create | Villager (Male) |
| 22:35 | Create | Villager (Male) |
| 22:45 | Build | Farm |
| 23:03 | Build | Building 800 |
| 23:44 | Build | Stable |
| 24:13 | Create | Spearman |
| 24:13 | Create | Spearman |
| 24:13 | Create | Spearman |
| 24:14 | Create | Spearman |
| 24:14 | Create | Spearman |
| 24:15 | Create | Spearman |
| 24:16 | Create | Spearman |
| 24:16 | Create | Spearman |
| 24:16 | Create | Spearman |
| 24:18 | Create | Spearman |
| 24:35 | Build | Farm |
| 24:42 | Build | Farm |
| 24:47 | Build | Farm |
| 24:58 | Build | Mining Camp |
| 25:05 | Research | Gold Mining |
| 25:26 | Build | House |
| 25:48 | Build | House |
| 26:06 | Build | Lumber Camp |
| 26:34 | Create | Villager (Male) |
| 26:34 | Create | Villager (Male) |
| 26:34 | Create | Villager (Male) |
| 26:35 | Create | Villager (Male) |
| 26:35 | Create | Villager (Male) |
| 26:35 | Create | Villager (Male) |
| 26:35 | Create | Villager (Male) |
| 26:36 | Create | Villager (Male) |
| 26:36 | Create | Villager (Male) |
| 26:36 | Create | Villager (Male) |
| 26:36 | Create | Villager (Male) |
| 26:49 | Build | Farm |
| 26:58 | Build | Farm |
| 27:14 | Build | Blacksmith |
| 27:25 | Research | Arson |
| 27:50 | Create | Unit 2626 |
| 27:51 | Create | Unit 2626 |
| 27:52 | Create | Demolition Raft |
| 28:13 | Build | House |
| 28:39 | Build | House |
| 28:42 | Build | House |
| 28:44 | Build | House |
| 28:57 | Build | Farm |
| 29:08 | Research | Horse Collar |
| 29:45 | Research | Wheelbarrow |
| 30:08 | Research | Castle Age |
| 30:11 | Create | Villager (Male) |
| 30:11 | Create | Villager (Male) |
| 30:12 | Create | Villager (Male) |
| 30:12 | Create | Villager (Male) |
| 30:12 | Create | Villager (Male) |
| 30:12 | Create | Villager (Male) |
| 30:33 | Create | Scout Cavalry |
| 30:33 | Create | Scout Cavalry |
| 30:33 | Create | Scout Cavalry |
| 32:54 | Create | Scout Cavalry |
| 32:54 | Create | Scout Cavalry |
| 32:54 | Create | Scout Cavalry |
| 32:55 | Create | Scout Cavalry |
| 34:11 | Age | Castle Age |
| 34:22 | Build | Castle |
| 34:41 | Research | Pikeman (upgrade) |
| 34:41 | Create | Spearman |
| 34:42 | Create | Spearman |
| 34:42 | Create | Spearman |
| 34:42 | Create | Spearman |
| 34:42 | Create | Spearman |
| 34:46 | Create | Spearman |
| 34:46 | Create | Spearman |
| 34:46 | Create | Spearman |
| 34:47 | Create | Spearman |
| 34:47 | Create | Spearman |
| 34:48 | Create | Spearman |
| 34:54 | Build | House |
| 34:55 | Build | House |
| 34:57 | Build | House |
| 34:58 | Build | House |
| 34:59 | Build | House |
| 35:04 | Create | Villager (Male) |
| 35:04 | Create | Villager (Male) |
| 35:05 | Create | Villager (Male) |
| 35:05 | Create | Villager (Male) |
| 35:06 | Research | Hand Cart |
| 35:07 | Create | Villager (Male) |
| 35:08 | Create | Villager (Male) |
| 35:08 | Create | Villager (Male) |
| 36:13 | Research | Light Cavalry (upgrade) |
Build order — Ali
First 150 of 201 actions detected
| 1:40 | Build | Town Center |
| 4:20 | Create | Villager (Male) |
| 4:20 | Create | Villager (Male) |
| 4:21 | Create | Villager (Male) |
| 4:21 | Create | Villager (Male) |
| 4:21 | Create | Villager (Male) |
| 4:21 | Create | Villager (Male) |
| 4:31 | Build | House |
| 4:36 | Build | House |
| 6:02 | Build | Mining Camp |
| 6:50 | Create | Villager (Male) |
| 6:50 | Create | Villager (Male) |
| 7:07 | Build | Dock |
| 7:14 | Create | Villager (Male) |
| 8:14 | Create | Villager (Male) |
| 8:27 | Create | Villager (Male) |
| 9:03 | Create | Fishing Ship |
| 9:11 | Create | Villager (Male) |
| 9:28 | Create | Villager (Male) |
| 9:44 | Build | House |
| 9:51 | Create | Villager (Male) |
| 10:13 | Create | Villager (Male) |
| 10:14 | Create | Villager (Male) |
| 10:25 | Create | Villager (Male) |
| 10:56 | Build | House |
| 11:01 | Create | Villager (Male) |
| 11:02 | Create | Villager (Male) |
| 11:14 | Create | Fishing Ship |
| 12:01 | Build | House |
| 12:06 | Create | Villager (Male) |
| 12:07 | Create | Villager (Male) |
| 12:23 | Create | Fishing Ship |
| 12:30 | Create | Villager (Male) |
| 12:32 | Create | Villager (Male) |
| 13:21 | Build | Lumber Camp |
| 13:35 | Create | Villager (Male) |
| 13:48 | Research | Feudal Age |
| 13:53 | Create | Fishing Ship |
| 14:34 | Create | Fishing Ship |
| 15:03 | Build | Mining Camp |
| 15:09 | Create | Villager (Male) |
| 15:09 | Create | Villager (Male) |
| 15:09 | Create | Villager (Male) |
| 15:11 | Create | Villager (Male) |
| 15:12 | Create | Villager (Male) |
| 15:58 | Age | Feudal Age |
| 16:25 | Build | Blacksmith |
| 16:32 | Create | Villager (Male) |
| 16:32 | Create | Villager (Male) |
| 16:38 | Research | Double-Bit Axe |
| 16:51 | Build | House |
| 16:52 | Build | House |
| 16:54 | Build | House |
| 16:56 | Build | House |
| 17:18 | Create | Villager (Male) |
| 17:18 | Create | Villager (Male) |
| 17:34 | Build | Mill |
| 17:57 | Build | House |
| 18:07 | Build | Mining Camp |
| 18:24 | Build | Barracks |
| 18:26 | Create | Villager (Male) |
| 18:27 | Create | Villager (Male) |
| 18:36 | Create | Fishing Ship |
| 18:36 | Create | Fishing Ship |
| 19:05 | Create | Villager (Male) |
| 19:06 | Create | Villager (Male) |
| 19:20 | Research | Tech 906 |
| 19:21 | Create | Fishing Ship |
| 19:21 | Create | Fishing Ship |
| 19:23 | Create | Fishing Ship |
| 19:31 | Build | Archery Range |
| 19:35 | Build | Stable |
| 19:50 | Create | Villager (Male) |
| 19:55 | Build | Farm |
| 19:57 | Build | Farm |
| 20:01 | Build | Farm |
| 20:02 | Build | Farm |
| 20:09 | Create | Villager (Male) |
| 20:10 | Create | Villager (Male) |
| 20:13 | Build | Farm |
| 20:26 | Create | Villager (Male) |
| 20:26 | Create | Villager (Male) |
| 20:34 | Build | Farm |
| 20:40 | Build | Farm |
| 20:48 | Research | Horse Collar |
| 21:17 | Build | Mill |
| 21:29 | Create | Villager (Male) |
| 21:29 | Create | Villager (Male) |
| 21:45 | Build | Farm |
| 21:48 | Build | Farm |
| 22:11 | Create | Fishing Ship |
| 22:12 | Create | Fishing Ship |
| 22:29 | Build | Farm |
| 22:30 | Build | Farm |
| 22:43 | Build | Farm |
| 22:52 | Build | House |
| 22:54 | Build | House |
| 22:55 | Build | House |
| 23:11 | Research | Castle Age |
| 23:19 | Research | Stone Mining |
| 23:59 | Research | Padded Archer Armor |
| 24:00 | Research | Fletching |
| 24:03 | Research | Gold Mining |
| 24:10 | Research | Bloodlines |
| 24:11 | Create | Scout Cavalry |
| 24:11 | Create | Scout Cavalry |
| 24:37 | Build | House |
| 24:39 | Build | House |
| 24:41 | Build | House |
| 24:45 | Build | House |
| 25:13 | Create | Scout Cavalry |
| 25:13 | Create | Scout Cavalry |
| 25:14 | Create | Scout Cavalry |
| 25:16 | Create | Scout Cavalry |
| 25:17 | Create | Scout Cavalry |
| 25:25 | Research | Man-at-Arms (upgrade) |
| 25:26 | Create | Militia |
| 25:26 | Create | Militia |
| 25:27 | Create | Militia |
| 25:53 | Age | Castle Age |
| 26:07 | Research | Crossbowman (upgrade) |
| 26:08 | Create | Archer |
| 26:08 | Create | Archer |
| 26:08 | Create | Archer |
| 26:09 | Create | Archer |
| 26:09 | Create | Archer |
| 26:09 | Create | Archer |
| 26:37 | Create | Villager (Male) |
| 26:37 | Create | Villager (Male) |
| 26:37 | Create | Villager (Male) |
| 26:38 | Create | Villager (Male) |
| 26:38 | Create | Villager (Male) |
| 27:58 | Build | Castle |
| 28:06 | Build | House |
| 28:10 | Build | House |
| 28:26 | Create | Scout Cavalry |
| 28:27 | Create | Scout Cavalry |
| 28:27 | Create | Scout Cavalry |
| 28:27 | Create | Scout Cavalry |
| 28:28 | Research | Light Cavalry (upgrade) |
| 28:49 | Build | House |
| 28:51 | Build | House |
| 29:58 | Create | Villager (Male) |
| 29:59 | Create | Villager (Male) |
| 29:59 | Create | Villager (Male) |
| 29:59 | Create | Villager (Male) |
| 29:59 | Create | Villager (Male) |
| 30:00 | Create | Villager (Male) |
| 30:00 | Create | Villager (Male) |
| 30:00 | Create | Villager (Male) |
Match timeline
| 5:30 | berthold.boeser · first_building Dock |
| 6:39 | war · wall_segment Palisade Wall x4 |
| 7:07 | Ali · first_building Dock |
| 7:32 | war · wall_segment Palisade Wall x15 |
| 8:19 | KorelBorel · wall_segment Palisade Wall x7 |
| 10:17 | Robert Grigoryan · first_building Dock |
| 10:42 | war · first_building Dock |
| 11:03 | KorelBorel · wall_segment Palisade Wall x13 |
| 11:06 | KorelBorel · wall_segment Palisade Wall x3 |
| 11:07 | KorelBorel · wall_segment Palisade Wall x15 |
| 11:13 | KorelBorel · wall_segment Palisade Wall x12 |
| 11:24 | KorelBorel · wall_segment Palisade Wall x11 |
| 11:31 | KorelBorel · wall_segment Palisade Wall x5 |
| 11:33 | KorelBorel · wall_segment Palisade Wall x3 |
| 11:35 | KorelBorel · wall_segment Palisade Wall x9 |
| 14:41 | Reno · first_building Barracks |
| 15:44 | Robert Grigoryan · age_up feudal |
| 15:58 | Ali · age_up feudal |
| 16:00 | Robert Grigoryan · first_building Barracks |
| 16:31 | berthold.boeser · first_building Barracks |
| 16:54 | war · age_up feudal |
| 18:24 | Ali · first_building Barracks |
| 18:53 | war · first_building Barracks |
| 19:07 | Robert Grigoryan · first_building Archery Range |
| 19:31 | Ali · first_building Archery Range |
| 19:35 | Ali · first_building Stable |
| 19:59 | war · first_building Archery Range |
| 20:10 | berthold.boeser · wall_segment Palisade Wall x14 |
| 21:22 | Reno · age_up feudal |
| 21:42 | berthold.boeser · wall_segment Palisade Wall x6 |
| 22:06 | Reno · first_building Archery Range |
| 22:17 | berthold.boeser · age_up feudal |
| 23:29 | Robert Grigoryan · wall_segment Stone Wall x12 |
| 23:44 | berthold.boeser · first_building Stable |
| 24:24 | Reno · first_building Stable |
| 25:38 | Robert Grigoryan · age_up castle |
| 25:53 | Ali · age_up castle |
| 26:46 | Robert Grigoryan · first_building Monastery |
| 27:58 | Ali · first_building Castle |
| 28:25 | Reno · age_up castle |
| 29:03 | Reno · first_building Castle |
| 29:04 | KorelBorel · first_building Barracks |
| 30:17 | Robert Grigoryan · first_building Siege Workshop |
| 30:21 | Robert Grigoryan · first_building Stable |
| 30:48 | Reno · first_building Monastery |
| 31:16 | KorelBorel · first_market_buy 100 wood |
| 31:34 | KorelBorel · first_building Siege Workshop |
| 31:38 | Ali · first_building Siege Workshop |
| 31:42 | war · first_market_sell 100 wood |
| 31:46 | Ali · wall_segment Stone Wall x2 |
| 31:56 | KorelBorel · first_building Archery Range |
| 32:29 | war · age_up castle |
| 32:35 | KorelBorel · first_building Monastery |
| 34:07 | Robert Grigoryan · first_building Castle |
| 34:11 | berthold.boeser · age_up castle |
| 34:22 | berthold.boeser · first_building Castle |
| 35:21 | Ali · resign |
[ AI ANALYSIS · 1 CREDIT ]
What really happened in this match?
Wolo.gg analyzes every decision: build order, eco, micro, common mistakes by bracket. Personalized analysis on WhatsApp or Discord in 30 seconds.
Civ guide
Persians
Map guide
Nomad
Perfil
Robert Grigoryan